 Dungeon Crawl Stone Soup version 0.31.0-11-ge490571c62 (webtiles) character file.

Game seed: 8048419022368659912

164 gelatine the Chopper (level 5, -11/41 HPs)
             Began as a Demonspawn Gladiator on Jan 28, 2024.
             Was a Follower of Cheibriados.
             Killed by divine providence
             ... invoked by an orc priest
              (14 damage)
             ... on level 3 of the Dungeon.
             The game lasted 00:05:17 (2758 turns).

gelatine the Chopper (Demonspawn Gladiator)         Turns: 2758, Time: 00:05:18

Health: -11/41     AC: 12    Str: 19    XL:     5   Next: 21%
Magic:  5/5        EV: 11    Int: 10    God:    Cheibriados [*.....]
Gold:   104        SH:  0    Dex: 16    Spells: 4/4 levels left

rFire   + . .        a - +0 war axe
rCold   . . .        (no shield)
rNeg    . . .        r - +3 scale mail {rF+}
rPois   .            c - +0 helmet
rElec   .            (no cloak)
rCorr   .            (no gloves)
SInv    .            i - +1 pair of boots
Will    .....        (no amulet) Stlth
                     (no ring)
HPRegen 0.26/turn    (no ring)
MPRegen 0.09/turn

%: no passive effects
@: very slow
A: demonic guardian 1, demonic touch 2
a: Renounce Religion, Bend Time


You were on level 3 of the Dungeon.
You worshipped Cheibriados.
Cheibriados was aware of your devotion.
You visited 1 branch of the dungeon, and saw 3 of its levels.

You collected 169 gold pieces.
You spent 65 gold pieces at shops.

Inventory:

Hand Weapons
 a - a +0 war axe (weapon)
 m - a +0 war axe
 t - the +2 spear of Ulolir {freeze, +Blink Fly MP-9 Dex+3}
   (You found it on level 3 of the Dungeon)

   Dex+3:     It affects your dexterity (+3).
   MP-9:      It affects your magic capacity (-9).
   Fly:       It grants you flight.
   +Blink:    It lets you blink.
Missiles
 d - 3 throwing nets (quivered)
 e - a javelin
 q - 4 atropa-tipped darts
Armour
 b - a +0 leather armour
 c - a +0 helmet (worn)
 i - a +1 pair of boots (worn)
 n - a +3 plate armour
 r - a +3 scale mail of fire resistance (worn)
Scrolls
 h - 3 scrolls of teleportation
 j - a scroll of fear
 l - a scroll of blinking
Potions
 f - 3 potions of curing
 g - a potion of attraction {unknown}
 k - 5 potions of invisibility {unknown}
 o - a potion of haste {unknown}
 p - a potion of resistance {unknown}
 s - a potion of enlightenment {unknown}
 v - a potion of heal wounds


   Skills:
 * Level 3.2 Fighting
 * Level 4.0 Axes
 + Level 1.9 Throwing
 * Level 0.7 Armour
 * Level 3.3 Dodging
 + Level 0.2 Stealth
 * Level 0.2 Evocations


You had 4 spell levels left.
You didn't know any spells.
Your spell library contained the following spells:

 Spells                   Type           Power      Damage    Failure   Level
 Call Imp                 Summ           0%         N/A       87%         2
 Sublimation of Blood     Necr           0%         N/A       87%         2
 Summon Hydra             Summ           0%         N/A       100%        7


Dungeon Overview and Level Annotations

Branches:
Dungeon (3/15)

Altars:
Cheibriados
Kikubaaqudgha
Ru

Shops:
D:2 *


Innate Abilities, Weirdness & Mutations

A weak demonic guardian rushes to your aid.
Your touch may inflict irresistible damage on your foes.


Message History

The orc is heavily wounded.
You feel sick. The orc hits you but does no damage.
You feel sick. The orc attacks as it pursues you!
The orc hits you but does no damage.
Your shadow imp hits the orc.
The orc dies!
Cheibriados appreciates the change of pace.
You hit the orc. Your touch misses the orc.
The orc is severely wounded.
Your shadow imp hits the orc.
The orc dies!
Cheibriados appreciates the change of pace.
You are too injured to fight recklessly!
Throw: 4 throwing nets
Press: ? - help, Q - select action, (/) - cycle Shift-Dir - straight line, f - orc
Aim: an orc, wielding a +0 club and wearing a +0 leather armour (57% to hit)
You throw a throwing net. The throwing net hits the orc.
The orc is caught in the net!
You feel sick.
The orc struggles against the net.
The orc priest casts a cantrip, but nothing happens.
You feel sick.
You feel sick.
You feel sick.
You are no longer poisoned.
Your shadow imp hits the orc.
The orc closely misses your shadow imp.
Your shadow imp completely misses the orc.
The orc hits your shadow imp with a +0 club.
Your shadow imp disappears in a puff of smoke!
You closely miss the orc.
The orc is moderately wounded.
The orc hits you but does no damage.
You slash the orc!
You kill the orc!
Cheibriados appreciates the change of pace.
The orc priest invokes the aid of Beogh against you.
Beogh smites you!
* * * LOW HITPOINT WARNING * * *
A demonic guardian appears!
The orc priest mumbles some strange prayers to Beogh against you.
Beogh smites you!
You die...

#.# # #.#
.########
#.# .... ..#
#.# .....#.#
#.#
#o##.#.###.#
#(##.......#
#)####5#####
#..o@..#
########


You could see an orc priest (ally target) and a friendly white imp (summoned).

Vanquished Creatures
  Jessica (D:2)
  Terence (D:2)
  6 adders
  2 dart slugs
  2 orcs (D:3)
  4 ball pythons
  6 endoplasms
  3 giant cockroaches
  4 hobgoblins
  6 jackals
  A bat (D:1)
  3 frilled lizards
  3 goblins
  5 kobolds
47 creatures vanquished.

Vanquished Creatures (collateral kills)
  2 orcs (D:3)
2 creatures vanquished.

Grand Total: 49 creatures vanquished

Notes
Turn   | Place    | Note
-------+----------+-------------------------------------------
     0 | D:1      | gelatine the Demonspawn Gladiator began the quest for the
                  | Orb.
     0 | D:1      | Reached XP level 1. HP: 16/16 MP: 1/1
   376 | D:1      | Reached skill level 3 in Axes
   376 | D:1      | Gained mutation: Your touch may inflict minor irresistible
                  | damage on your foes. [demonic ancestry]
   376 | D:1      | Reached XP level 2. HP: 22/22 MP: 2/2
  1183 | D:2      | Gained mutation: A weak demonic guardian rushes to your
                  | aid. [demonic ancestry]
  1183 | D:2      | Reached XP level 3. HP: 27/27 MP: 3/3
  1395 | D:2      | Noticed Jessica
  1401 | D:2      | Killed Jessica
  1402 | D:2      | Gained mutation: Your touch may inflict irresistible damage
                  | on your foes. [demonic ancestry]
  1402 | D:2      | Reached XP level 4. HP: 20/34 MP: 4/4
  1612 | D:2      | Noticed Terence
  1621 | D:2      | Killed Terence
  1804 | D:2      | Found Xonnem's General Store.
  1850 | D:2      | Bought a potion of heal wounds for 65 gold pieces
  2387 | D:3      | Identified the +2 spear of Ulolir {freeze, +Blink Fly MP-9
                  | Dex+3}
  2396 | D:3      | Reached skill level 4 in Axes
  2396 | D:3      | Reached XP level 5. HP: 41/41 MP: 5/5
  2474 | D:3      | Found a faded altar of an unknown god.
  2504 | D:3      | Prayed at the altar of an unknown god.
  2504 | D:3      | Became a worshipper of Cheibriados the Contemplative
  2504 | D:3      | Reached * piety under Cheibriados
  2544 | D:3      | Found a sacrificial altar of Ru.
  2545 | D:3      | Found an ancient bone altar of Kikubaaqudgha.
  2758 | D:3      | Killed from afar by an orc priest

Illustrated notes

Levels and vault maps discovered:
D:1:      roderic_chinese_lattice_arrival, layout_basic, chequers_mini_garden
D:2:      layout_loops_corners, serial_shops, shop, uniq_jessica, uniq_terence
D:3:      layout_loops_corners, gammafunk_temple_overflow_pools,
          shapermc_ecumenical_altar_flowoftime

Skill      XL: |  1  2  3  4 |
---------------+-------------+-----
Axes           | 3 4 |  4.0
Dodging        | 3 |  3.3
Fighting       | 3 |  3.2
Throwing       | |  1.9
Armour         | |  0.7
Stealth        | |  0.2
Evocations     | |  0.2

Action                     |  1- 3 |  4- 6 || total
---------------------------+-------+-------++-------
  Melee: War axe           |    63 |    89 ||   152
         Touch             |     6 |    17 ||    23
         Punch             |       |     2 ||     2
  Throw: Throwing net      |       |     1 ||     1
    Use: Scroll            |       |     7 ||     7
   Stab: Sleeping          |     1 |     1 ||     2
 Armour: Leather armour    |    41 |     8 ||    49
         Scale mail        |       |    29 ||    29
  Dodge: Dodged            |    46 |    38 ||    84
